 Dungeon Crawl Stone Soup version 0.31-a0-196-g86fe4a5e66 (webtiles) character file.

Game seed: 1885825270308600198

101 lessens the Slasher (level 5, -1/38 HPs)
             Began as a Djinni Reaver on June 24, 2023.
             Slain by Natasha (3 damage)
             ... on level 3 of the Dungeon.
             The game lasted 00:03:35 (2479 turns).

lessens the Slasher (Djinni Reaver)                 Turns: 2479, Time: 00:03:36

Health: -1/38      AC:  3    Str: 11    XL:     5   Next: 4%
Gold:   125        EV: 12    Int: 14    God:
                   SH:  0    Dex: 14

rFire   + + +        a - +0 falchion
rCold   x . .        (no shield)
rNeg    . . .        b - +0 leather armour
rPois   ∞            (no helmet)
rElec   .            (no cloak)
rCorr   .            (no gloves)
SInv    .            (boots unavailable)
Will    .....        (no amulet)
Stlth   +            p - ring of protection from fire
HPRegen 0.26/turn    (no ring)
MPRegen 0.00/turn

%: infuse magic (-2 HP)
@: flying, slowed, very slow
A: sickness immunity, fire resistance 2, cold vulnerability 1, float, innate
caster, HP casting, extra vitality 1
a: no special abilities


You were on level 3 of the Dungeon.
You visited 1 branch of the dungeon, and saw 3 of its levels.

You collected 125 gold pieces.

Inventory:

Hand Weapons
 a - a +0 falchion (weapon)
Missiles
 c - 39 stones
 e - 10 poisoned darts
Armour
 b - a +0 leather armour (worn)
Jewellery
 n - a ring of fire
 p - a ring of protection from fire (left hand)
Scrolls
 d - 3 scrolls of vulnerability {unknown}
 f - a scroll of silence {unknown}
 g - 4 scrolls of teleportation {unknown}
 h - 2 scrolls of noise {unknown}
 i - a scroll of amnesia {unknown}
 j - a scroll of summoning {unknown}
 m - a scroll of identify {unknown}
Potions
 k - 2 potions of degeneration {unknown}
 l - a potion of resistance {unknown}
 o - a potion of lignification {unknown}


   Skills:
 - Level 2.0 Fighting
 * Level 4.3 Long Blades
 - Level 2.1 Dodging
 + Level 3.2 Spellcasting
 + Level 3.2 Conjurations
 + Level 3.2 Hexes
   Level 0.0 Charms
 + Level 3.2 Summonings
 + Level 3.2 Necromancy
 + Level 3.2 Translocations
 + Level 3.2 Transmutations
 + Level 3.2 Fire Magic
 + Level 3.2 Ice Magic
 + Level 3.2 Air Magic
 + Level 3.2 Earth Magic
 + Level 3.2 Poison Magic


You knew the following spells:

 Your Spells              Type           Power      Damage    Failure   Level
a - Kiss of Death         Conj/Necr      44%        2d8       8%          1
b - Momentum Strike       Conj/Tloc      22%        3d8       11%         2
c - Hailstorm             Conj/Ice       11%        3d5       22%         3
d - Foxfire               Conj/Fire      44%        2x1d6     8%          1
e - Searing Ray           Conj           22%        2d5       11%         2
Your spell library was empty.

Dungeon Overview and Level Annotations

Branches:
Dungeon (3/15) Zot: 15498

Altars:
Trog

Annotations:
D:3 Ijyb, Natasha


Innate Abilities, Weirdness & Mutations

You are immune to sickness and miasma.
You are immune to poison.
Your flesh is very heat resistant. (rF++)
You are vulnerable to cold. (rC-)
You float through the air rather than walking.
You learn spells naturally, not from books.
Your magical power is your life essence.
You have superior vitality. (+4 MHP)


Message History

Press: ? - help, Q - select action, (/) - cycle Dir - look around, f - activate You conjure some foxfire!
The foxfire hits the cerulean imp.
The cerulean imp is lightly wounded.
Natasha claws you. The cerulean imp barely misses you. Natasha claws you.
The cerulean imp hits you from afar with a +2 spear.
You hit Natasha.
Natasha is lightly wounded.
The foxfire hits Natasha but does no damage.
Natasha is lightly wounded.
The foxfire hits Natasha.
Natasha is moderately wounded.
Natasha closely misses you. The cerulean imp barely misses you.
Casting: Foxfire (safe; 8% risk of failure)
Press: ? - help, Q - select action, (/) - cycle Dir - look around, f - activate You conjure some foxfire!
Natasha claws you! The cerulean imp barely misses you.
Natasha completely misses you.
The cerulean imp hits you from afar with a +2 spear.
Casting: Foxfire (safe; 8% risk of failure)
Press: ? - help, Q - select action, (/) - cycle Dir - look around, f - activate You conjure some foxfire!
The foxfire hits the cerulean imp.
The cerulean imp is moderately wounded.
The foxfire hits Natasha.
Natasha is heavily wounded.
The cerulean imp completely misses you.
Natasha drinks a potion.
Natasha is healed!
Casting: Foxfire (safe; 8% risk of failure)
Press: ? - help, Q - select action, (/) - cycle Dir - look around, f - activate You conjure some foxfire!
The foxfire hits Natasha.
Natasha is lightly wounded.
Natasha claws you.
* * * LOW HITPOINT WARNING * * *
The cerulean imp barely misses you.
The cerulean imp hits you from afar with a +2 spear.
* * * LOW HITPOINT WARNING * * *
Natasha claws you.
You die...

###.######.## ............#
###.######.## #.######.######
#.............#
####......###.############
#......# #.#...........
#...5v.# #.#.##########
######....h@# #.#.##########
#.........#v####.............
#.#######.#.v................
#.#.#......##########
#.#.#.##.### #...... ###. .#
#.#.#.####### ####### ... #.#
#.#.#####⌠#⌠### ## #.#
#.#.###≈≈§≈≈≈≈## .# #.#
#.#.##⌠≈.....≈⌠######


You could see Natasha (ally target) and a cerulean imp (summoned, ally target).

Vanquished Creatures
  Natasha (D:3)
  2 adders
  A dart slug (D:1)
  3 orcs (D:3)
  2 endoplasms (D:2)
  A giant cockroach (D:1)
  6 goblins
  9 hobgoblins
  A quokka (D:3)
  5 ball pythons
  10 bats
  A frilled lizard (D:1)
  8 kobolds
  4 rats
54 creatures vanquished.

Vanquished Creatures (others)
  34 foxfires (D:3)
34 creatures vanquished.

Grand Total: 88 creatures vanquished

Notes
Turn   | Place    | Note
-------+----------+-------------------------------------------
     0 | D:1      | lessens the Djinni Reaver began the quest for the Orb.
     0 | D:1      | lessens set off with the following spells memorised: Kiss
                  | of Death, Momentum Strike, Hailstorm.
     0 | D:1      | Reached XP level 1. HP: 18/18 MP: 0/0
   259 | D:1      | Reached skill level 3 in Long Blades
   259 | D:1      | Reached XP level 2. HP: 16/16 MP: 0/0
   681 | D:1      | Reached XP level 3. HP: 24/24 MP: 0/0
   681 | D:1      | Learned a level 1 spell: Foxfire
  1099 | D:2      | Found a faded altar of an unknown god.
  1214 | D:2      | Reached XP level 4. HP: 33/33 MP: 0/0
  1720 | D:3      | Found a bloodstained altar of Trog.
  1781 | D:3      | Noticed Natasha
  1788 | D:3      | Killed Natasha
  1789 | D:3      | Reached skill level 4 in Long Blades
  2257 | D:3      | Reached XP level 5. HP: 35/38 MP: 0/0
  2257 | D:3      | Learned a level 2 spell: Searing Ray
  2279 | D:3      | Noticed Ijyb
  2469 | D:3      | Noticed Natasha
  2479 | D:3      | Slain by Natasha

Illustrated notes

Levels and vault maps discovered:
D:1:      minmay_arrival_five_plusses, layout_basic
D:2:      layout_rooms, ebering_ecumenical_altar_box
D:3:      layout_basic, lightli_temple_of_fire, mainiacjoe_overflow_alcove_4,
          lemuel_crystal_altar, minmay_misc_feat_cross,
          chequers_serial_rivers_micro_b, uniq_natasha, uniq_ijyb

Skill      XL: |  1  2  3  4 |
---------------+-------------+-----
Long Blades    | 3 4 |  4.3
Spellcasting   | 3 |  3.2
Conjurations   | 3 |  3.2
Hexes          | 3 |  3.2
Summonings     | 3 |  3.2
Necromancy     | 3 |  3.2
Translocations | 3 |  3.2
Transmutations | 3 |  3.2
Fire Magic     | 3 |  3.2
Ice Magic      | 3 |  3.2
Air Magic      | 3 |  3.2
Earth Magic    | 3 |  3.2
Poison Magic   | 3 |  3.2
Fighting       | |  2.0
Dodging        | |  2.1

Action                     |  1- 3 |  4- 6 || total
---------------------------+-------+-------++-------
  Melee: Falchion          |   122 |    52 ||   174
         Unarmed           |       |     3 ||     3
         Punch             |       |     1 ||     1
   Cast: Kiss of Death     |     2 |       ||     2
         Foxfire           |       |    21 ||    21
   Stab: Sleeping          |     2 |       ||     2
 Armour: Leather armour    |    55 |     9 ||    64
  Dodge: Dodged            |    66 |    47 ||   113

Table legend: (Time is in decaauts)
 A = Elapsed time spent in this place.
 B = Non-inter-level travel time spent in this place.
 C = Inter-level travel time spent in this place.
 D = Time resting spent in this place.
 E = Time spent auto-exploring this place.
 F = Levels seen in this place.
 G = Mean time per level.
                   A        B        C        D        E       F      G
               +--------+--------+--------+--------+--------+-----+--------+
         Total |   2499 |   2405 |     94 |     58 |   1873 |   3 |  833.0 |
       Dungeon |   2499 |   2405 |     94 |     58 |   1873 |   3 |  833.0 |
               +--------+--------+--------+--------+--------+-----+--------+

Top non-repeatable levels by time:
     D:1: 1056 daAuts
     D:3: 734 daAuts
     D:2: 708 daAuts

Levels and vault maps discovered:
D:1:      minmay_arrival_five_plusses, layout_basic
D:2:      layout_rooms, ebering_ecumenical_altar_box
D:3:      layout_basic, lightli_temple_of_fire, mainiacjoe_overflow_alcove_4,
          lemuel_crystal_altar, minmay_misc_feat_cross,
          chequers_serial_rivers_micro_b, uniq_natasha, uniq_ijyb
